 Dungeon Crawl Stone Soup version 0.28.0-53-g5a82cb258f (webtiles) character file.

Game seed: 5390199044639230586

17 Zeld the Firebug (level 2, 0/24 HPs)
             Began as an Ogre Fire Elementalist on June 6, 2022.
             Slain by a jackal (2 damage)
             ... on level 2 of the Dungeon.
             The game lasted 00:01:00 (1189 turns).

Zeld the Firebug (Ogre Fire Elementalist)           Turns: 1189, Time: 00:01:01

Health: 0/24       AC:  3    Str: 11    XL:     2   Next: 62%
Magic:  3/5        EV: 10    Int: 16    God:
Gold:   7          SH:  0    Dex:  9    Spells: 3/6 levels left

rFire   . . .      SeeInvis .   (no weapon)
rCold   . . .      Faith    .   (no shield)
rNeg    . . .      Spirit   .   a - +0 robe
rPois   .          Reflect  .   (helmet restricted)
rElec   .          Harm     .   (no cloak)
rCorr   .          Rampage  .   (gloves unavailable)
Will    .....                   (boots unavailable)
Stlth   +.........              (no amulet)
HPRegen 0.08/turn               (no ring)
MPRegen 0.09/turn               (no ring)

@: no status effects
A: large, unfitting armour, tough skin 1
a: no special abilities


You were on level 2 of the Dungeon.
You visited 1 branch of the dungeon, and saw 2 of its levels.

You collected 7 gold pieces.

Inventory:

Armour
 a - a +0 robe (worn)
Scrolls
 b - a scroll of fog {unknown}
 c - a scroll of enchant armour {unknown}
 e - 2 scrolls of summoning {unknown}
 f - a scroll of teleportation {unknown}
Potions
 d - a potion of flight {unknown}


   Skills:
 + Level 2.0 Dodging
 - Level 1.4 Stealth
 * Level 2.9 Spellcasting
 + Level 1.1 Conjurations
 * Level 3.0 Fire Magic


You had 3 spell levels left.
You knew the following spells:

 Your Spells              Type           Power      Damage    Failure   Level
a - Foxfire               Conj/Fire      36%        2x1d5     8%          1
b - Scorch                Fire           24%        2d6       9%          2

Your spell library contained the following spells:

 Spells                   Type           Power      Damage    Failure   Level
 Conjure Flame            Conj/Fire      9%         6-21      24%         3
 Inner Flame              Hex/Fire       7%         N/A       30%         3
 Flame Wave               Conj/Fire      9%         2d5       61%         4


Dungeon Overview and Level Annotations

Branches:
Dungeon (2/15)

Altars:


Innate Abilities, Weirdness & Mutations

You are too large for most types of armour.
You have tough skin. (AC +1)


Message History

You hit the jackal.
The jackal is almost dead.
The jackal bites you but does no damage.
You closely miss the jackal.
The jackal is almost dead.
The jackal closely misses you. x2
You hit the jackal but do no damage.
The jackal is almost dead.
The jackal misses you.
You hit the jackal but do no damage.
The jackal is almost dead.
The jackal bites you but does no damage.
You closely miss the jackal.
The jackal is almost dead.
The jackal closely misses you. The jackal barely misses you.
You hit the jackal but do no damage.
The jackal is almost dead.
The jackal bites you.
* * * LOW HITPOINT WARNING * * *
You closely miss the jackal.
The jackal is almost dead.
The jackal bites you but does no damage.
The jackal closely misses you.
You barely miss the jackal.
The jackal is almost dead.
The jackal closely misses you.
You hit the jackal but do no damage.
The jackal is almost dead.
The jackal barely misses you.
You closely miss the jackal.
The jackal is almost dead.
The jackal bites you but does no damage. x2
You hit the jackal but do no damage.
The jackal is almost dead.
The jackal bites you.
* * * LOW HITPOINT WARNING * * *
You barely miss the jackal.
The jackal is almost dead.
The jackal bites you.
You die...

#.#
#.#
#.#
#.#
#.#
#l#
#h#
#@#
###


You could see a jackal and a frilled lizard.

Vanquished Creatures
  A dart slug (D:1)
  An endoplasm (D:1)
  3 goblins (D:1)
  2 hobgoblins (D:1)
  A jackal (D:2)
  A bat (D:1)
  3 frilled lizards (D:1)
  A kobold (D:1)
  2 rats (D:1)
15 creatures vanquished.

Vanquished Creatures (others)
  37 foxfires (D:1)
37 creatures vanquished.

Grand Total: 52 creatures vanquished

Notes
Turn   | Place    | Note
-------+----------+-------------------------------------------
     0 | D:1      | Zeld the Ogre Fire Elementalist began the quest for the
                  | Orb.
     0 | D:1      | Reached XP level 1. HP: 16/16 MP: 3/3
   237 | D:1      | Reached skill level 1 in Conjurations
   614 | D:1      | Reached XP level 2. HP: 16/24 MP: 1/5
   617 | D:1      | Learned a level 2 spell: Scorch
   906 | D:1      | Found a faded altar of an unknown god.
  1109 | D:1      | Reached skill level 3 in Fire Magic
  1189 | D:2      | Slain by a jackal

Illustrated notes

Levels and vault maps discovered:
D:1:      sevenhm_arrival_forest_fort_large_2, layout_basic,
          shapermc_ecumenical_altar_totnotflames,
          nicolae_concentric_dashed_squares_wild
D:2:      layout_basic, uniq_natasha, uniq_robin

Skill      XL: |  1  2 |
---------------+-------+-----
Conjurations   | 1 |  1.1
Fire Magic     | 3 |  3.0
Dodging        | 2 |  2.0
Stealth        | |  1.4
Spellcasting   | |  2.9

Action                   || total
-------------------------++-------
Melee: Unarmed           ||    51
 Cast: Foxfire           ||    25
       Scorch            ||     6
Armor: Robe              ||    32
Dodge: Dodged            ||    45
